 Dungeon Crawl Stone Soup version 0.27-a0-1557-g57f10a385c (webtiles) character file.

Game seed: 14792254017365043401

50 bobarctor the Vexing (level 3, -16/14 HPs)
             Began as a Felid Enchanter on June 27, 2021.
             Was an Initiate of Gozag.
             Demolished by an ogre (28 damage)
             ... on level 2 of the Dungeon on July 16, 2021.
             The game lasted 00:10:52 (2658 turns).

bobarctor the Vexing (Felid Enchanter)              Turns: 2658, Time: 00:10:53

Health: -16/14     AC:  1    Str:  4    XL:     3   Next: 55%
Magic:  4/8        EV: 17    Int: 16    God:    Gozag
Gold:   198        SH:  0    Dex: 17    Spells: 0/7 levels left
                                        Lives:  0   Deaths: 0

rFire    . . .     SeeInvis +     - Unarmed
rCold    . . .     Faith    .   (shield unavailable)
rNeg     . . .     Spirit   .   (armour unavailable)
rPois    .         Reflect  .   (helmet unavailable)
rElec    .         Harm     .   (cloak unavailable)
rCorr    .         Rampage  .   (gloves unavailable)
Will     .....                  (boots unavailable)
Stlth    +++.......             (no amulet)
HPRegen  0.04/turn              (no ring)
MPRegen  0.11/turn              (no ring)

@: quick
A: very small, claws 1, fangs 3, see invisible, speed 1, shaggy fur 1, stealthy
paws, no weapons or thrown items, no armour, multi-lived
a: Renounce Religion, Potion Petition, Call Merchant, Bribe Branch


You were on level 2 of the Dungeon.
You worshipped Gozag.
Gozag was aware of your devotion.
You visited 1 branch of the dungeon, and saw 2 of its levels.

You collected 198 gold pieces.

Inventory:

Missiles
 b - 11 arrows
Scrolls
 a - a scroll of torment {unknown}
 d - 2 scrolls of fear {unknown}
Potions
 c - a potion of brilliance {unknown}
 e - a potion of curing {unknown}
 f - a potion of might {unknown}


   Skills:
 + Level 0.2 Fighting
 + Level 2.9 Dodging
 + Level 4.8 Stealth
 - Level 1.0 Unarmed Combat
 * Level 2.7 Spellcasting
 + Level 5.1 Hexes
 + Level 0.1 Ice Magic


You couldn't memorise any spells.
You knew the following spells:

 Your Spells              Type           Power      Damage    Failure   Level
a - Corona                Hex            20%        N/A       2%          1
b - Ensorcelled Hibernat  Hex/Ice        20%        N/A       10%         2
c - Magic Dart            Conj           8%         1d3       19%         1
d - Dazzling Flash        Conj/Hex       20%        N/A       21%         3

Your spell library contained the following spells:

 Spells                   Type           Power      Damage    Failure   Level
 Confusing Touch          Hex            18%        N/A       7%          3
 Tukima's Dance           Hex            18%        N/A       7%          3
 Searing Ray              Conj           4%         3d3       28%         2
 Fulminant Prism          Conj/Hex       5%         3d7       56%         4
 Iskenderun's Mystic Bla  Conj/Tloc      2%         2d3       88%         4


Dungeon Overview and Level Annotations

Branches:
Dungeon (2/15)

Altars:
Gozag


Innate Abilities, Weirdness & Mutations

You have sharp claws.
You have razor-sharp teeth.
You have supernaturally acute eyesight. (SInv)
You cover ground quickly. (Speed+)
You are covered in fur. (AC +1)
Your paws help you pounce on unaware monsters.
You are incapable of wielding weapons or throwing items.
You cannot wear armour.
You gain extra lives every three experience levels.


Message History

You now have 190 gold pieces (gained 3).
There is an open door here.
The quokka bites you. The quokka closely misses you.
You scratch the quokka. Your bite misses the quokka.
The quokka is severely wounded.
The quokka closely misses you. x2
You scratch the quokka but do no damage.
You bite the quokka.
You kill the quokka!
You now have 198 gold pieces (gained 8).
An ogre is nearby!
Cast which spell? (? or * to list)
Aiming: Corona (safe; 2% risk of failure)
Press: ? - help, Shift-Dir - straight line, f - ogre
Aim: an ogre, wielding a +0 giant club (wandering, hasn't noticed you, chance to affect: 56%)
The ogre shouts!
The ogre struggles to resist.
Casting: Corona (safe; 2% risk of failure)
Confirm with . or Enter, or press ? or * to list all spells.
Aiming: Corona (safe; 2% risk of failure)
Press: ? - help, Shift-Dir - straight line, f/p - ogre
Aim: an ogre, wielding a +0 giant club (chance to affect: 56%)
The ogre is outlined in light.
Casting: Corona (safe; 2% risk of failure)
Confirm with . or Enter, or press ? or * to list all spells.
Aiming: Ensorcelled Hibernation (safe; 10% risk of failure)
Press: ? - help, Shift-Dir - straight line, f/p - ogre
Aim: an ogre, wielding a +0 giant club (softly glowing, chance to affect: 41%)
The ogre looks drowsy...
You pounce on the unaware helpless ogre!
You claw the ogre!
The ogre is moderately wounded.
The ogre completely misses you.
You scratch the ogre.
The ogre is heavily wounded.
The ogre hits you with a +0 giant club!!
Ouch! That really hurt!
You die...
Your body crumbles into a pile of gold.

#............#
#............## ##.
#.............. ...
############.... ..#
#......# #....
####.#######......#####....
.....................'.>..
....#####.#......###.#....
#.....O@.......# #.#....
#<....#.######## #.#####
#.#..[..#.## #.# #
#..........# #.# #
#.........).#########'## #
#...........##.........# ##
....####.....##.........#
#. .#... #.....##.........#
#. #... ####..####......##
#.


You could see an ogre (corona).

Vanquished Creatures
  An adder (D:2)
  A dart slug (D:1)
  4 endoplasms (D:1)
  3 giant cockroaches
  4 hobgoblins (D:1)
  A jackal (D:2)
  4 quokkas
  5 ball pythons
  A frilled lizard (D:1)
  4 goblins
  3 kobolds
  5 rats
36 creatures vanquished.

Notes
Turn   | Place    | Note
-------+----------+-------------------------------------------
     0 | D:1      | bobarctor the Felid Enchanter began the quest for the Orb.
     0 | D:1      | Reached XP level 1. HP: 7/7 MP: 4/4
    92 | D:1      | Found a faded altar of an unknown god.
   171 | D:1      | Became a worshipper of Gozag Ym Sagoz the Greedy
   205 | D:1      | Reached XP level 2. HP: 11/11 MP: 6/6
   208 | D:1      | Learned a level 2 spell: Ensorcelled Hibernation
   795 | D:1      | Reached skill level 5 in Hexes
  1059 | D:1      | Learned a level 1 spell: Magic Dart
  1511 | D:2      | Noticed an ogre
  1676 | D:2      | Upgraded the game from 0.27-a0-1334-g2746e35aca to
                  | 0.27-a0-1416-g941b2bd30b
  1697 | D:2      | Reached XP level 3. HP: 9/14 MP: 7/7
  2150 | D:2      | Learned a level 3 spell: Dazzling Flash
  2560 | D:2      | Upgraded the game from 0.27-a0-1416-g941b2bd30b to
                  | 0.27-a0-1557-g57f10a385c
  2658 | D:2      | Demolished by an ogre

Illustrated notes

Levels and vault maps discovered:
D:1:      roderic_octagonal_star, layout_loops_ring, basic_ecumenical_altar,
          minmay_pentomino_z4
D:2:      layout_basic, uniq_sigmund

Skill      XL: |  1  2 |
---------------+-------+-----
Hexes          | 5 |  5.1
Fighting       | |  0.2
Dodging        | |  2.9
Stealth        | |  4.8
Unarmed Combat | |  1.0
Spellcasting   | |  2.7
Ice Magic      | |  0.1

Action                   || total
-------------------------++-------
Melee: Unarmed           ||   119
       Bite              ||    10
       Punch             ||     1
 Cast: Corona            ||     9
       Ensorcelled Hiber ||    10
       Magic Dart        ||     6
 Stab: Sleeping          ||    14
Armor: Skin              ||     5
Dodge: Dodged            ||    96

Table legend: (Time is in decaauts)
 A = Elapsed time spent in this place.
 B = Non-inter-level travel time spent in this place.
 C = Inter-level travel time spent in this place.
 D = Time resting spent in this place.
 E = Time spent auto-exploring this place.
 F = Levels seen in this place.
 G = Mean time per level.
                   A        B        C        D        E       F      G
               +--------+--------+--------+--------+--------+-----+--------+
         Total |   2435 |   2419 |     16 |   1072 |    917 |   2 | 1217.5 |
       Dungeon |   2435 |   2419 |     16 |   1072 |    917 |   2 | 1217.5 |
               +--------+--------+--------+--------+--------+-----+--------+

Top non-repeatable levels by time:
     D:1: 1373 daAuts
     D:2: 1061 daAuts
